 Dungeon Crawl Stone Soup version 0.19-a0-28-g8794423 (webtiles) character file.

128 tyvek the Chopper (level 4, 32/40 HPs)
             Began as a Minotaur Berserker on May 2, 2016.
             Was a Believer of Trog.
             Quit the game on level 2 of the Dungeon.
             The game lasted 00:02:04 (2156 turns).

tyvek the Chopper (Minotaur Berserker)              Turns: 2156, Time: 00:02:04

Health: 32/40      AC:  3    Str: 22    XL:     4   Next: 87%
Magic:  3/3        EV: 12    Int:  4    God:    Trog [**....]
Gold:   112        SH:  0    Dex: 10    Spells: 0 memorised, 3 levels left

rFire  . . .     SeeInvis .     a - +0 hand axe
rCold  . . .     Gourm    .     b - +1 animal skin
rNeg   . . .     Faith    .     (no shield)
rPois  .         Spirit   .     (helmet restricted)
rElec  .         Dismiss  .     (no cloak)
rCorr  .         Reflect  .     (no gloves)
SustAt .         Harm     .     (no boots)
MR     .....                    (no amulet)
Stlth  +.........               (no ring)
                                (no ring)

@: about to teleport, very slightly contaminated, not resistant to hostile
enchantments, very unstealthy
A: retaliatory headbutt, horns 2
a: Berserk, Trog's Hand, Burn Spellbooks, Renounce Religion


You were on level 2 of the Dungeon.
You worshipped Trog.
Trog was pleased with you.
You were not hungry.

You visited 1 branch of the dungeon, and saw 2 of its levels.

You collected 112 gold pieces.

Inventory:

Hand Weapons
 a - a +0 hand axe (weapon)
Armour
 b - a +1 animal skin (worn)
Wands
 s - a wand of random effects (21/48)
   (You found it on level 2 of the Dungeon)
Scrolls
 g - a scroll of remove curse
 i - 2 scrolls of blinking {!r}
 n - a scroll of enchant armour
Potions
 e - 3 potions of lignification {unknown}
 h - a potion of curing {unknown}
 j - a potion of agility {unknown}
 l - a potion of brilliance {unknown}
 m - 4 potions of resistance {unknown}
 o - a potion of flight {unknown}
 p - a potion of degeneration {!q}
 q - a potion of might {unknown}
Comestibles
 c - a bread ration {@e1}
 f - a meat ration {@e2}
 t - 4 chunks of flesh {@w0}


   Skills:
 + Level 4.3 Fighting
 * Level 5.8 Axes
 + Level 3.5 Armour
 - Level 2.1 Dodging


You had 3 spell levels left.
You didn't know any spells.

Dungeon Overview and Level Annotations

Branches:
Dungeon (2/15)

Altars:
Pakellas


Innate Abilities, Weirdness & Mutations

You reflexively headbutt those who attack you in melee.
You have a pair of horns on your head.


Message History

You continue eating. x2
Unknown command.
You start resting.
A giant gecko comes into view.
You regained 2 hp, and now have 28/40 hp.
Unknown command.
A giant gecko is nearby!
You hit the giant gecko.
You kill the giant gecko!
Trog accepts your kill.
No target in view!
No target in view!
Unknown command.
You start resting.
You feel yourself speed up.
You regained 2 hp, and now have 31/40 hp.
Unknown command.
You start resting.
You feel less exhausted.
You regained 2 hp, and now have 33/40 hp.
Unknown command.
You see here a giant gecko corpse.
m - 4 brown potions (gained 2)
A giant newt comes into view.
A giant newt is nearby!
A giant newt is nearby!
A giant newt is nearby!
A giant newt is nearby!
The giant newt closely misses you.
You slash the giant newt!
You kill the giant newt!
Trog accepts your kill.
No target in view!
No target in view!
You now have 103 gold pieces (gained 13).
n - 2 scrolls labeled ZIOTOUHIORPH (gained 1)
You now have 112 gold pieces (gained 9).
You open the door.
There is an open door here.
There is an open door here.
You open the door.
There is an open door here.
A worm comes into view.
Health restored: 40 A worm is nearby!
A worm is nearby!
A worm is nearby!
The worm barely misses you.
You barely miss the worm. You headbutt the worm! The worm bites you.
You take 3 damage, and have 37/40 hp.
You hit the worm but do no damage. You hit the worm.
Your headbutt misses the worm. The worm bites you!
You take 9 damage, and have 28/40 hp.
MASSIVE DAMAGE!!
You hit the worm but do no damage. You headbutt the worm! You hit the worm.
You kill the worm!
Trog accepts your kill.
No target in view!
No target in view!
Done exploring.
You regained 3 hp, and now have 31/40 hp.
Done exploring.
Done exploring.
Done exploring.
Done exploring.
No target in view!
No target in view!
No target in view!
Done exploring.
Done exploring.
Done exploring.
Done exploring.
Done exploring.
Done exploring.
Read which item? (? for menu, Esc to quit)
As you read the scroll labeled GUAFONLEUT, it crumbles to dust.
You feel blessed for a moment.
It was a scroll of remove curse.
Read which item? (? for menu, Esc to quit)
Blink to where?
You are very lightly contaminated with residual magic.
As you read the scroll labeled MARIOR ZAIH, it crumbles to dust.
It was a scroll of blinking.
Read which item? (? for menu, Esc to quit)
As you read the scroll labeled PUIQEE AHEUFI, it crumbles to dust.
The scroll dissolves into smoke.
It was a scroll of fog.
Read which item? (? for menu, Esc to quit)
As you read the scroll labeled WAVON SASI, it crumbles to dust.
It is a scroll of identify.
Identify which item? (\ to view known items) (? for menu, Esc to quit)
p - a potion of degeneration Read which item? (? for menu, Esc to quit)
As you read the scroll labeled XETAZ BICKO, it crumbles to dust.
You feel strangely unstable.
It was a scroll of teleportation.
Read which item? (? for menu, Esc to quit)
As you read the scroll labeled ZIOTOUHIORPH, it crumbles to dust.
It is a scroll of enchant armour.
Enchant which item? (? for menu, Esc to quit)
Your +0 animal skin glows green for a moment.

##.#.#.# #.................##.
...#.#.# #########.#####...##.
####.#.# #.# #...##.
#.#.############ #.# #...##.
###'#............# #.# #...#..
#.....##.....§§..# #.# #...###
#.....##....§§§§§# #.#####.#.#..
#.....##.....§§§§###.......#...#
#.....##.....§§@§#..............
##...###.....§§§§#.###.........#
#...# #.....§§§§#.....###.##..#
#...# #.........'..#.......##.#
#...# #...........#.#....#.##.#
#...# #..........#...#..##.##.#
#...# #.........#.._..#..#.##.#
#...# #........#.......#...##.#
#...# #.......###########......


There were no monsters in sight!

Vanquished Creatures
  5 adders (D:2)
  2 oozes
  5 worms (D:2)
  6 dart slugs
  4 giant geckos
  A ball python (D:1)
  2 hobgoblins (D:1)
  2 jackals (D:1)
  7 kobolds
  A quokka (D:2)
  3 bats
  4 giant newts
  2 goblins
  10 rats
54 creatures vanquished.

Notes
Turn   | Place    | Note
--------------------------------------------------------------
     0 | D:1      | tyvek the Minotaur Berserker began the quest for the Orb.
     0 | D:1      | Reached XP level 1. HP: 19/19 MP: 0/0
    59 | D:1      | Reached skill level 4 in Axes
   107 | D:1      | Reached XP level 2. HP: 27/27 MP: 1/1
   440 | D:1      | Reached ** piety under Trog
   462 | D:1      | Reached XP level 3. HP: 33/33 MP: 2/2
   921 | D:2      | Reached skill level 4 in Fighting
  1001 | D:2      | HP: 5/33 [kobold/short sword (8)]
  1002 | D:2      | Reached skill level 5 in Axes
  1417 | D:2      | Reached skill level 3 in Armour
  1518 | D:2      | Reached XP level 4. HP: 37/40 MP: 3/3
  1656 | D:2      | Found an oddly glowing altar of Pakellas.
  2156 | D:2      | Quit the game

Vault maps used:
D:1:      dpeg_arrival_arbitrary_b, nrook_uturn, kennysheep_minor_cross,
          minmay_cupped
D:2:      grunt_pakellas_sulfur

Skill      XL: |  1  2  3 |
---------------+----------+-----
Axes           | 4 5 |  5.8
Fighting       | 4 |  4.3
Armour         | 3 |  3.5
Dodging        | |  2.1

Action                   |  1- 3 |  4- 6 || total
-------------------------+-------+-------++-------
Melee: Hand axe          |    77 |    47 ||   124
       Headbutt          |     6 |     6 ||    12
Invok: Berserk           |       |     2 ||     2
       Trog's Hand       |       |     2 ||     2
  Use: Scroll            |       |     6 ||     6
  Eat: Chunk             |     2 |     4 ||     6
Armor: Animal skin       |     9 |     8 ||    17
Dodge: Dodged            |    48 |    27 ||    75

Vault maps used:
D:1:      dpeg_arrival_arbitrary_b, nrook_uturn, kennysheep_minor_cross,
          minmay_cupped
D:2:      grunt_pakellas_sulfur

Table legend:
 A = Turns spent in this place as a percentage of turns spent in the entire game.
 B = Non-inter-level travel turns spent in this place as a percentage of non-inter-level travel turns spent in the entire game.
 C = Inter-level travel turns spent in this place as a percentage of turns spent in this place.
 D = Turns resting spent in this place as a percentage of non-inter-level travel turns spent in this place.
 E = Turns spent auto-exploring this place as a percentage of non-inter-level travel turns spent in this place.
 F = Non-inter-level travel turns spent in this place divided by the number of levels of this place that you've seen.
                   A       B       C       D       E      F
               +-------+-------+-------+-------+-------+----------------------
         Total | 100.0 | 100.0 |   0.2 |   3.5 |  14.7 | 288.5
       Dungeon | 100.0 | 100.0 |   0.2 |   3.5 |  14.7 | 288.5
               +-------+-------+-------+-------+-------+----------------------

Table legend:
 A = Kills in this place as a percentage of kills in entire the game.
 B = Kills by you in this place as a percentage of kills by you in the entire game.
 C = Kills by friends in this place as a percentage of kills by friends in the entire game.
 D = Other kills in this place as a percentage of other kills in the entire game.
 E = Experience gained in this place as a percentage of experience gained in the entire game.
 F = Experience gained in this place divided by the number of levels of this place that you have seen.
                   A       B       C       D       E      F
               +-------+-------+-------+-------+-------+----------------------
         Total | 100.0 | 100.0 |  -nan |  -nan | 100.0 |  92.0
       Dungeon | 100.0 | 100.0 |  -nan |  -nan | 100.0 |  92.0
               +-------+-------+-------+-------+-------+----------------------
